 Dungeon Crawl Stone Soup version 0.31-a0-986-g5e6e4ef867 (webtiles) character file.

Game seed: 1598335116553619756

1481 pokeman the Thaumaturge (level 8, 0/43 (44) HPs)
             Began as a Deep Elf Hedge Wizard on Nov 19, 2023.
             Was a Believer of Vehumet.
             Slain by an ice beast (3 damage)
             ... on level 6 of the Dungeon.
             The game lasted 00:13:12 (5938 turns).

pokeman the Thaumaturge (Deep Elf Hedge Wizard)     Turns: 5938, Time: 00:13:12

HP:   0/43 (44)     AC:  3    Str:  7    XL:     8   Next: 50%
MP:   16/23         EV: 13    Int: 27    God:    Vehumet [**....]
Gold: 200           SH:  0    Dex: 14    Spells: 14/26 levels left

rFire   . . .        v - +9 short sword of Wealth {heavy, *Rage Int+5 Stlth+}
rCold   + . .        (no shield)
rNeg    . . .        b - +0 robe
rPois   +            a - +0 helmet
rElec   .            (no cloak)
rCorr   .            (no gloves)
SInv    .            (no boots)
Will    .....        (no amulet)
Stlth   +++          j - ring of poison resistance
HPRegen 0.27/turn    u - ring of protection from cold
MPRegen 0.18/turn

%: random rage (20%)
@: on berserk cooldown, on blink cooldown, slowed, lightly drained, very slow
A: no striking features
a: Renounce Religion


You were on level 6 of the Dungeon.
You worshipped Vehumet.
Vehumet was pleased with you.
You visited 1 branch of the dungeon, and saw 6 of its levels.

You collected 200 gold pieces.

Inventory:

Hand Weapons
 v - the +9 short sword of Wealth (weapon) {heavy, *Rage Int+5 Stlth+}
   (You found it on level 4 of the Dungeon)

   Int+5:     It affects your intelligence (+5).
   *Rage:     It berserks you when you make melee attacks (+20% chance).
   Stlth+:    It makes you more stealthy.
Missiles
 q - a throwing net
Armour
 a - a +0 helmet (worn)
 b - a +0 robe (worn)
Jewellery
 j - a ring of poison resistance (left hand)
 u - a ring of protection from cold (right hand)
 A - a ring of ice
Wands
 p - a wand of flame (23)
 w - a wand of paralysis (9)
 B - a wand of polymorph (10)
Scrolls
 c - 2 scrolls of amnesia {unknown}
 f - 10 scrolls of identify {unknown}
 h - a scroll of vulnerability {unknown}
 k - a scroll of brand weapon {unknown}
 l - 5 scrolls of teleportation {unknown}
 n - 2 scrolls of torment {unknown}
 o - a scroll of revelation {unknown}
 y - a scroll of enchant weapon {unknown}
Potions
 d - 2 potions of magic
 e - 3 potions of mutation {unknown}
 g - a potion of attraction {unknown}
 i - 3 potions of curing {unknown}
 m - 3 potions of enlightenment {unknown}
 r - 2 potions of might {unknown}
 s - 2 potions of brilliance {unknown}
 t - a potion of lignification {unknown}
 x - a potion of resistance {unknown}
 z - a potion of heal wounds {unknown}


   Skills:
 - Level 2.0 Fighting
 + Level 2.5 Armour
 - Level 3.0 Dodging
 - Level 3.0 Stealth
 * Level 9.8 Spellcasting
 + Level 5.1 Conjurations
 - Level 1.1 Summonings
 + Level 4.6 Necromancy
 - Level 1.1 Translocations
 - Level 1.0 Air Magic
 - Level 1.1 Poison Magic
 - Level 1.0 Evocations


You had 14 spell levels left.
You knew the following spells:

 Your Spells              Type           Power      Damage    Failure   Level
a - Magic Dart            Conj           100%       1d8       1%          1
b - Mephitic Cloud        Conj/Pois/Air  26%        N/A       4%          3
c - Call Imp              Summ           38%        N/A       4%          2
d - Blink                 Tloc           38%        N/A       4%          2
e - Dispel Undead         Necr           38%        3d16      6%          4

Your spell library contained the following spells:

 Spells                   Type           Power      Damage    Failure   Level
 Sandblast                Erth           26%        2d8       4%          1
 Kiss of Death            Conj/Necr      100%       2d13      1%          1
 Static Discharge         Conj/Air       58%        3-6/arc   1%          2
 Summon Small Mammal      Summ           76%        N/A       2%          1
 Cigotuvi's Dreadful Rot  Necr/Pois/Air  50%        N/A       2%          2
 Slow                     Hex            52%        N/A       4%          1
 Call Canine Familiar     Summ           19%        N/A       9%          3
 Gell's Gravitas          Tloc           19%        N/A       9%          3
 Teleport Other           Tloc           19%        N/A       9%          3
 Summon Guardian Golem    Hex/Summ       16%        N/A       11%         3
 Confusing Touch          Hex            13%        N/A       13%         3
 Airstrike                Air            9%         2d(2-18)  28%         4
 Summon Lightning Spire   Summ/Air       18%        N/A       28%         4
 Dispersal                Tloc           9%         N/A       99%         6


Dungeon Overview and Level Annotations

Branches:
Dungeon (6/15)             Temple (0/1) D:4

Altars:
Uskayaw
Vehumet

Annotations:
D:6 2 transporters, kd29's ghost, amateur GrEE


Message History

Unknown command.
Press: ? - help, v - describe, . - travel, g - get item
Here: an ice beast
Items here: )) [[ †.
The floor, spattered with blood.
Unknown command.
Unknown command.
Unknown command.
Unknown command.
You feel a strong urge to attack something.
You feel your anger nearly subside.
You are no longer berserk.
You are exhausted.
You feel yourself slow down.
Found 3 boomerangs.
Casting: Dispel Undead (dangerous; 6% risk of failure)
Confirm with . or Enter, or press ? or * to list all spells.
A tiny devil pulls itself out of the air.
The ice beast attacks as it pursues you!
The ice beast closely misses you.
Your cerulean imp misses the ice beast.
The ice beast completely misses you.
Your cerulean imp hits the ice beast but does no damage.
Your cerulean imp hits the ice beast with a -3 spear.
Your cerulean imp barely misses the ice beast.
The ice beast hits you. The ice beast freezes you. You resist.
Your cerulean imp hits the ice beast from afar with a -3 spear.
The wight attacks as it pursues you! The wight hits you with a +2 hand axe.
* * * LOW HITPOINT WARNING * * *
You feel drained.
Casting: Call Imp (safe; 4% risk of failure)
Confirm with . or Enter, or press ? or * to list all spells.
You blink.
Your cerulean imp hits the ice beast but does no damage.
The ice beast barely misses you.
Unknown command.
Your cerulean imp hits the ice beast but does no damage.
The wight hits you with a +3 dire flail!
* * * LOW HITPOINT WARNING * * *
The ice beast attacks as it pursues you!
The ice beast hits you.
You die...

........z###........
####....## ##.......
##.#))# #.#...##.
#.#.#.#.[#.#....
#.#:##.#.#...###
###.#.##......## #
#.....## #.#[.#
#(#..z..####.#..#
#..@Yz.......÷..####
#.#....5.###........
#.#..z...# #........
.........###.....###
##.###...........##
#.......<.......#
###############.#
#)# #.####


You could see an ice beast (ally target), 3 wights and a friendly cerulean imp
(summoned).

Vanquished Creatures
  Sigmund (D:4)
  A wyvern (D:4)
  Edmund (D:5)
  An ice beast (D:6)
  Blork the orc (D:6)
  A bullfrog (D:6)
  A scorpion (D:5)
  5 wights (D:6)
  A howler monkey (D:4)
  A hound (D:4)
  An orc priest (D:6)
  2 iguanas
  An orc wizard (D:3)
  7 gnolls
  10 adders
  2 white imps (D:5)
  4 ufetubi
  5 worms
  2 dart slugs (D:3)
  13 orcs
  7 endoplasms
  2 giant cockroaches
  9 goblins
  16 hobgoblins
  3 jackals (D:4)
  6 kobolds
  5 quokkas
  9 ball pythons
  11 bats
  8 frilled lizards
  5 rats
142 creatures vanquished.

Vanquished Creatures (collateral kills)
  An orc (D:3)
  A rat (D:3)
2 creatures vanquished.

Vanquished Creatures (others)
  An orc wizard (D:3)
1 creature vanquished.

Grand Total: 145 creatures vanquished

Notes
Turn   | Place    | Note
-------+----------+-------------------------------------------
     0 | D:1      | pokeman the Deep Elf Hedge Wizard began the quest for the
                  | Orb.
     0 | D:1      | Reached XP level 1. HP: 10/10 MP: 7/7
   206 | D:1      | Reached XP level 2. HP: 15/15 MP: 6/9
   669 | D:1      | Reached skill level 5 in Spellcasting
   879 | D:2      | Reached XP level 3. HP: 10/20 MP: 0/11
   883 | D:2      | Learned a level 3 spell: Mephitic Cloud
   886 | D:2      | Learned a level 2 spell: Call Imp
   890 | D:2      | Learned a level 2 spell: Blink
  1090 | D:2      | Reached skill level 1 in Fighting
  1090 | D:2      | Reached skill level 1 in Armour
  1375 | D:2      | Reached XP level 4. HP: 25/25 MP: 2/13
  2147 | D:3      | Learned a level 4 spell: Dispel Undead
  2219 | D:3      | Found a radiant altar of Vehumet.
  2440 | D:3      | Reached skill level 6 in Spellcasting
  2440 | D:3      | Reached XP level 5. HP: 29/29 MP: 7/15
  2563 | D:3      | Became a worshipper of Vehumet
  2626 | D:3      | Reached skill level 1 in Necromancy
  2626 | D:3      | Reached skill level 1 in Poison Magic
  3219 | D:3      | Reached skill level 1 in Air Magic
  3300 | D:3      | Reached * piety under Vehumet
  3300 | D:3      | Offered knowledge of Freeze by Vehumet.
  3301 | D:3      | Reached skill level 1 in Evocations
  3452 | D:3      | Reached XP level 6. HP: 34/34 MP: 12/17
  3948 | D:4      | Found a staircase to the Ecumenical Temple.
  4183 | D:4      | Identified the +9 short sword of Wealth {heavy, *Rage Int+5
                  | Stlth+}
  4208 | D:4      | Reached skill level 7 in Spellcasting
  4245 | D:4      | Noticed a wyvern
  4255 | D:4      | Killed a wyvern
  4256 | D:4      | Reached XP level 7. HP: 31/39 MP: 11/20
  4333 | D:4      | Noticed Sigmund
  4343 | D:4      | Killed Sigmund
  4344 | D:4      | Reached skill level 8 in Spellcasting
  4387 | D:4      | Found a hide-covered altar of Uskayaw.
  4611 | D:5      | Entered Level 5 of the Dungeon
  4612 | D:5      | Noticed Edmund
  4621 | D:5      | Killed Edmund
  4759 | D:5      | Offered knowledge of Sandblast by Vehumet.
  4828 | D:5      | Reached ** piety under Vehumet
  5422 | D:6      | Noticed kd29's ghost (amateur GrEE)
  5438 | D:6      | Found a transporter.
  5476 | D:6      | Reached XP level 8. HP: 12/44 MP: 14/22
  5732 | D:6      | Reached skill level 9 in Spellcasting
  5814 | D:6      | Found a transporter.
  5901 | D:6      | Noticed Blork the orc
  5918 | D:6      | Reached skill level 5 in Conjurations
  5919 | D:6      | Killed Blork the orc
  5938 | D:6      | Slain by an ice beast

Illustrated notes

Levels and vault maps discovered:
D:1:      erik_arrival_blinker_ship, layout_rooms, minivault_26,
          minmay_misc_feat_tiny
D:2:      layout_loops_ring
D:3:      minmay_angry_zag, layout_loops_cross, vehumet_altar_wand_db,
          serial_bayou, serial_bayou_ford_a, serial_bayou_pond_b,
          serial_bayou_crossing, serial_bayou_lagoon_a
D:4:      layout_cave_pools, eat_drink_and_be_merry_uskayaw,
          minmay_temple_entry_poolview, hangedman_decor_clover_reticule,
          hangedman_abyss_or_decor_passed, uniq_sigmund
D:5:      layout_layer_cave, uniq_edmund
D:6:      layout_loops_ring, nzn_wu_jian_council_hall,
          gammafunk_ghost_stat_death, uniq_blork_the_orc, uniq_duvessa

Skill      XL: |  1  2  3  4  5  6  7  8 |
---------------+-------------------------+-----
Spellcasting   | 5 6 7 8 9 |  9.8
Fighting       | 1 2 |  2.0
Armour         | 1 2 |  2.5
Conjurations   | 2 3 4 5 |  5.1
Stealth        | 3 |  3.0
Dodging        | 3 |  3.0
Necromancy     | 1 2 3 4 |  4.6
Poison Magic   | 1 |  1.1
Air Magic      | 1 |  1.0
Evocations     | 1 |  1.0
Summonings     | |  1.1
Translocations | |  1.1

Action                     |  1- 3 |  4- 6 |  7- 9 || total
---------------------------+-------+-------+-------++-------
  Melee: Dagger            |    14 |    50 |       ||    64
         Punch             |       |     2 |     2 ||     4
         Short sword       |       |     3 |    40 ||    43
   Cast: Magic Dart        |    96 |   199 |    84 ||   379
         Mephitic Cloud    |     1 |     5 |     6 ||    12
         Call Imp          |       |     2 |     2 ||     4
         Blink             |       |       |     2 ||     2
         Dispel Undead     |       |       |     5 ||     5
   Stab: Confused          |       |     1 |     3 ||     4
 Armour: Robe              |     8 |    60 |    28 ||    96
  Dodge: Dodged            |    13 |    72 |    34 ||   119

Table legend: (Time is in decaauts)
 A = Elapsed time spent in this place.
 B = Non-inter-level travel time spent in this place.
 C = Inter-level travel time spent in this place.
 D = Time resting spent in this place.
 E = Time spent auto-exploring this place.
 F = Levels seen in this place.
 G = Mean time per level.
                   A        B        C        D        E       F      G
               +--------+--------+--------+--------+--------+-----+--------+
         Total |   6016 |   5923 |     93 |    299 |   4696 |   6 | 1002.7 |
       Dungeon |   6016 |   5923 |     93 |    299 |   4696 |   6 | 1002.7 |
               +--------+--------+--------+--------+--------+-----+--------+

Top non-repeatable levels by time:
     D:3: 1627 daAuts
     D:2: 1315 daAuts
     D:1: 890 daAuts
     D:4: 822 daAuts
     D:5: 821 daAuts
     D:6: 539 daAuts
